 Dungeon Crawl Stone Soup version 0.28-a0-297-g99b01970c5 (webtiles) character file.

Game seed: 13363055651318419264

17 PentaManta the Shield-Bearer (level 2, 19/19 HPs)
             Began as a Gargoyle Fighter on Aug 29, 2021.
             Got out of the dungeon alive.
             The game lasted 00:00:55 (836 turns).

PentaManta the Shield-Bearer (Gargoyle Fighter)      Turns: 836, Time: 00:00:55

Health: 19/19      AC:  9    Str: 19    XL:     2   Next: 62%
Magic:  2/2        EV:  9    Int:  8    God:
Gold:   32         SH:  0    Dex:  9    Spells: 1/1 levels left

rFire   . . .      SeeInvis .   a - +0 flail
rCold   . . .      Faith    .   (no shield)
rNeg    + . .      Spirit   .   b - +0 scale mail
rPois   ∞          Reflect  .   (no helmet)
rElec   +          Harm     .   (no cloak)
rCorr   .          Rampage  .   (no gloves)
Will    .....                   (no boots)
Stlth   ..........              (no amulet)
HPRegen 0.06/turn               (no ring)
MPRegen 0.08/turn               (no ring)

@: no status effects
A: sickness immunity, AC +2, negative energy resistance 1, electricity
resistance, torment resistance 1, petrification resistance
a: no special abilities


You escaped.
You visited 1 branch of the dungeon, and saw 2 of its levels.

You collected 32 gold pieces.

Inventory:

Hand Weapons
 a - a +0 flail (weapon)
Armour
 b - a +0 scale mail (worn)
 c - a +0 kite shield
Scrolls
 g - a scroll of summoning {unknown}
Potions
 d - 2 potions of might
 e - 2 potions of magic {unknown}
 f - 2 potions of mutation {unknown}


   Skills:
 - Level 3.2 Fighting
 + Level 3.1 Maces & Flails
 - Level 3.2 Armour
 - Level 3.2 Shields


You had one spell level left.
You didn't know any spells.
Your spell library was empty.

Dungeon Overview and Level Annotations

Branches:
Dungeon (2/15)

Altars:


Innate Abilities, Weirdness & Mutations

You are immune to sickness and miasma.
Your stone body is resilient. (AC +2)
You are immune to poison.
You resist negative energy. (rN+)
You are resistant to electric shocks. (rElec)
You are resistant to unholy torment.
You are immune to petrification.


Message History

A giant cockroach is nearby!
You hit the giant cockroach but do no damage.
The giant cockroach closely misses you. The giant cockroach barely misses you.
You hit the giant cockroach.
The giant cockroach is heavily wounded.
The giant cockroach bites you.
You thump the giant cockroach!
You kill the giant cockroach!
No target in view!
No target in view!
There is an open door here.
A bat comes into view.
You see here 6 gold pieces.
The bat hits you but does no damage. x2
You miss the bat. The bat closely misses you. The bat barely misses you.
You completely miss the bat. The bat barely misses you.
The bat closely misses you.
You hit the bat but do no damage. The bat hits you but does no damage.
The bat hits you but does no damage. The bat completely misses you.
The bat misses you.
You see here 6 gold pieces.
You barely miss the bat. The bat hits you but does no damage.
You completely miss the bat. The bat hits you but does no damage.
You miss the bat. The bat barely misses you.
You miss the bat. The bat closely misses you. The bat barely misses you.
You sock the bat!
You kill the bat!
No target in view!
No target in view!
HP restored.
There is an open door here.
You see here a rat corpse.
There is a stone staircase leading up here.
You climb upwards.
There is a stone staircase leading down here.
There is an open door here.
There is a staircase leading out of the dungeon here.
Are you sure you want to leave the Dungeon?
This will make you lose the game!
You have escaped!

.).....(.......).....# #..#
####[#################
####..# ##.#.##########
#.....# #.###.....[...#
#.##.## ##.#.########.#
#.##.# ##.## ####### #.##.#
### #.....#####.##.#
###.....#......#.##
#.+..@..'.........####
#.#.....##.#.(.(......
#.#.....##.#...#..####
#.########.#...#..##..
#.#..####......#..##.#
######.........#.......##.#
#.........###..........##.#
#.#####.#.#.......#>...##.#
#.# #.#.#.#.....#....##.#


There were no monsters in sight!

Vanquished Creatures
  2 ball pythons (D:1)
  3 bats
  2 giant cockroaches
  3 hobgoblins (D:1)
  A frilled lizard (D:1)
  2 kobolds (D:1)
  4 rats
17 creatures vanquished.

Notes
Turn   | Place    | Note
-------+----------+-------------------------------------------
     0 | D:1      | PentaManta the Gargoyle Fighter began the quest for the
                  | Orb.
     0 | D:1      | Reached XP level 1. HP: 14/14 MP: 1/1
   175 | D:1      | Reached XP level 2. HP: 19/19 MP: 2/2
   836 | D:$      | Got out of the dungeon alive.

Illustrated notes

Levels and vault maps discovered:
D:1:      minmay_arrival_checkered_box, layout_loops_ring
D:2:      layout_basic

Skill      XL: |  1  2 |
---------------+-------+-----
Maces & Flails | 3 |  3.1
Fighting       | |  3.2
Armour         | |  3.2
Shields        | |  3.2

Action                   || total
-------------------------++-------
Melee: Flail             ||    51
Armor: Scale mail        ||    26
Dodge: Dodged            ||    35

Table legend: (Time is in decaauts)
 A = Elapsed time spent in this place.
 B = Non-inter-level travel time spent in this place.
 C = Inter-level travel time spent in this place.
 D = Time resting spent in this place.
 E = Time spent auto-exploring this place.
 F = Levels seen in this place.
 G = Mean time per level.
                   A        B        C        D        E       F      G
               +--------+--------+--------+--------+--------+-----+--------+
         Total |    849 |    748 |    101 |      0 |    607 |   2 |  424.5 |
       Dungeon |    849 |    748 |    101 |      0 |    607 |   2 |  424.5 |
               +--------+--------+--------+--------+--------+-----+--------+

Top non-repeatable levels by time:
     D:1: 634 daAuts
     D:2: 215 daAuts
